 Dungeon Crawl Stone Soup version 0.23.1-37-gaa34b87 (console) character file.

Game seed: 2260605369808300204

41730 jt the Spear-Bearer (level 13, -1/109 HPs)
             Began as a Mummy Monk on Mar 23, 2019.
             Was a High Priest of Nemelex Xobeh.
             Slain by a hog (8 damage)
             ... led by Kirke
             ... on level 4 of the Lair of Beasts on Mar 24, 2019.
             The game lasted 01:26:34 (28557 turns).

jt the Spear-Bearer (Mummy Monk)                   Turns: 28557, Time: 01:26:35

Health: -1/109     AC: 13    Str: 17    XL:     13   Next: 81%
Magic:  18/18      EV:  6    Int: 12    God:    Nemelex Xobeh [*****.]
Gold:   949        SH:  3    Dex: 14    Spells: 12/12 levels left

rFire    + . .     SeeInvis .   n - +2 glaive (venom)
rCold    + + .     Gourm    .   (shield currently unavailable)
rNeg     + + +     Faith    .   Y - +0 plate armour
rPois    ∞         Spirit   .   X - +0 hat
rElec    .         Reflect  +   u - scarf {rC+ rF+}
rCorr    +         Harm     .   (no gloves)
MR       +....                  (no boots)
Stlth    ..........             L - +3 amulet of reflection
HPRegen  0.28/turn              T - ring of resist corrosion
MPRegen  0.16/turn              b - ring of protection from fire

@: marked, slowed, very slow
A: no food or potions, fire vulnerability, cold resistance 1, negative energy
resistance 3, torment resistance, unbreathing, in touch with death 1
a: Draw Escape, Draw Destruction, Draw Summoning, Draw Stack, Triple Draw, Deal
Four, Stack Five, Renounce Religion


You were on level 4 of the Lair of Beasts.
You worshipped Nemelex Xobeh.
Nemelex Xobeh was extremely pleased with you.
You were not hungry.

You visited 3 branches of the dungeon, and saw 17 of its levels.

You collected 949 gold pieces.

Inventory:

Hand Weapons
 a - a +0 spear
 f - a +0 halberd
 i - a +0 hunting sling
 l - a +0 great sword
 n - a +2 glaive of venom (weapon)
 p - a +5 long sword
 w - a +3 spear of freezing
 x - a +3 falchion of electrocution
 y - a cursed +2 spear of venom
 A - a +0 shortbow
 D - a +2 hand axe of distortion
 K - a +2 trident of venom
 U - a cursed +4 trident
 V - a +0 blowgun
Missiles
 g - 338 stones
 k - 143 sling bullets
 o - 3 tomahawks (quivered)
 z - 71 bolts
 B - 137 arrows
 M - 27 poisoned needles
 P - 4 javelins
Armour
 u - a scarf of resistance (worn)
 N - a +2 troll leather armour {Snorg}
 X - a +0 hat (worn)
 Y - a +0 plate armour (worn)
Magical Staves
 r - an uncursed staff of energy
Jewellery
 b - a ring of protection from fire (right hand)
 q - an uncursed amulet of guardian spirit
 t - an uncursed ring of protection from cold
 L - a +3 amulet of reflection (around neck)
 T - a ring of resist corrosion (left hand)
Wands
 c - a wand of polymorph (3)
 h - a wand of iceblast (7)
 s - a wand of enslavement (2)
 Q - a wand of digging (5)
 R - a wand of acid (2)
 Z - a wand of flame (20)
Scrolls
 d - 5 scrolls of identify
 e - 3 scrolls of amnesia
 m - 2 scrolls of fear
 v - a scroll of vulnerability
 C - 3 scrolls of enchant weapon
 E - 3 scrolls of enchant armour
 F - 3 scrolls of remove curse
 G - 3 scrolls of fog
 I - a scroll of brand weapon
 O - 5 scrolls of teleportation
 S - a scroll of blinking
Miscellaneous
 j - a fan of gales (inert)


   Skills:
 + Level 12.6 Fighting
 + Level 12.9 Polearms
 - Level 8.5 Armour
 - Level 2.4 Dodging
 - Level 1.5 Stealth
 + Level 6.8 Invocations
 + Level 5.4 Evocations


You had 12 spell levels left.
You didn't know any spells.
Your spell library contained the following spells:

 Spells                   Type           Power        Failure   Level  Hunger
 Animate Skeleton         Necr           N/A          100%        1    N/A
 Magic Dart               Conj           #...         100%        1    N/A
 Pain                     Necr           #...         100%        1    N/A
 Blink                    Tloc           N/A          100%        2    N/A
 Call Imp                 Summ           #.......     100%        2    N/A
 Slow                     Hex            #.......     100%        2    N/A
 Conjure Flame            Conj/Fire      #.......     100%        3    N/A
 Mephitic Cloud           Conj/Pois/Air  #.......     100%        3    N/A
 Vampiric Draining        Necr           #.........   100%        3    N/A
 Animate Dead             Necr           N/A          100%        4    N/A
 Metabolic Englaciation   Hex/Ice        #.........   100%        5    N/A
 Bolt of Cold             Conj/Ice       #.........   100%        6    N/A
 Freezing Cloud           Conj/Ice/Air   #.........   100%        6    N/A
 Ozocubu's Refrigeration  Ice            #.........   100%        6    N/A
 Simulacrum               Ice/Necr       #.........   100%        6    N/A
 Regeneration             Chrm/Necr      Unusable     N/A         3    N/A
 Ice Form                 Ice/Tmut       Unusable     N/A         4    N/A

Dungeon Overview and Level Annotations

Branches:
Dungeon (10/15)            Temple (1/1) D:6            Lair (6/6) D:8
  Swamp (0/4) Lair:2        Slime (0/5) Lair:6          Orc (0/2) D:10
  Snake: Lair:2-4    Spider: Lair:2-4

Altars:
Ashenzari
Cheibriados
Dithmenos
Elyvilon
Fedhas
Gozag
Hepliaklqana
Kikubaaqudgha
Makhleb
Nemelex Xobeh
Okawaru
Qazlal
Ru
Sif Muna
Trog
Uskayaw
Vehumet
Wu Jian
Xom
Yredelemnul
Zin
The Shining One

Shops:
D:9 *

Annotations:
Lair:4 Kirke
Lair:5 2 transporters, Redear's ghost, adept GnTm


Innate Abilities, Weirdness & Mutations

You do not eat or drink.
Your flesh is vulnerable to fire.
You are immune to poison.
Your flesh is cold resistant. (rC+)
You are immune to negative energy. (rN+++)
You are immune to unholy pain and torment.
You can survive without breathing.
You are in touch with the powers of death.


Message History

The scorpion stings the plant but does no damage.
The hog bites you.
The worker ant bites the plant.
The water moccasin bites you but does no damage.
The lindwurm bites you!
The lindwurm claws you. x2; Kirke hits you.
The scorpion stings the plant.
The hog bites you but does no damage.
The worker ant bites the plant but does no damage.
Evoke which item? (* to show all) (? for menu, Esc to quit)
Okay, then.
The water moccasin barely misses you.
The lindwurm bites you but does no damage.
The lindwurm claws you.
The lindwurm claws you but does no damage.
Kirke gestures wildly while chanting.
Kirke summons some harpies!
The worker ant bites the plant.
The water moccasin barely misses you. The komodo dragon bites you!!
* * * LOW HITPOINT WARNING * * *
A hippogriff comes into view.
The hog bites you!
You die...
Your body glows slightly and disappears.

♣..≈≈P♣#.....#.#
##♣..)..#♣......##
#........#>...###
###.............#
#...........###
#P##..#....## ##
####....#
#....##### #
#k@H.#..P# .#.#
##hSlh....# .h...
#P@s..#P#.#
[s...$##a...######
#....w#FH.#
##.w##....# #..
##..## #H #.H.# .s
#...#


You could see Kirke, a lindwurm, a komodo dragon, a hippogriff, a spiny frog, 2
harpies, 2 hogs, a water moccasin, a worm, a scorpion and a worker ant.

Vanquished Creatures
  The ghost of Ixoagrun the Bludgeoner, a journeyman MiFi of Okawaru (Lair:3)
  4 hydras
  3 catoblepae (Lair:6)
  6 death yaks
  A death drake (Lair:6)
  6 oklob plants
  A manticore (Lair:6)
  8 elephants
  A guardian serpent (Lair:6)
  2 black mambas
  6 komodo dragons
  6 spiny frogs
  3 rime drakes
  A troll (Lair:3)
  Grinder (D:5)
  8 blink frogs
  4 hippogriffs
  2 slime creatures
  A fire bat (Lair:1)
  4 hogs
  A golden eye (Lair:1)
  A human (D:7)
  A vampire mosquito (Lair:2)
  A steam dragon (D:8)
  27 yaks
  A fire elemental (Lair:6)
  A basilisk (Lair:3)
  2 hungry ghosts
  Menkaure (D:5)
  A hydra simulacrum (Lair:3)
  9 water moccasins
  10 bullfrogs
  10 porcupines
  Duvessa (D:5)
  5 orc warriors
  3 ice beasts
  A black bear (D:8)
  2 necrophages
  4 ogres
  5 sky beasts
  3 wolves (Lair:6)
  4 centaurs
  9 crocodiles
  A big kobold (D:10)
  Blork the orc (D:6)
  A spiny frog simulacrum (Lair:3)
  A wyvern skeleton (D:6)
  3 scorpions
  3 troll zombies (D:10)
  Dowan (D:6)
  A water moccasin skeleton (D:8)
  5 killer bees (D:8)
  13 wights
  An electric eel (Lair:6)
  3 howler monkeys
  2 crimson imps
  9 hounds
  2 orc priests
  3 bullfrog skeletons
  2 jellies (Lair:6)
  Terence (D:3)
  An iguana (D:6)
  6 orc wizards
  10 worker ants
  Natasha (thrice) (D:3)
  4 ogre zombies (D:10)
  A hound skeleton (D:8)
  A howler monkey skeleton (D:4)
  A worker ant zombie (D:8)
  3 gnolls (D:10)
  16 adders
  3 river rats
  2 shadow imps
  2 adder zombies
  2 adder skeletons
  6 worms
  4 dart slugs
  6 leopard geckos
  23 orcs
  8 giant cockroaches
  7 hobgoblins
  11 jackals
  4 quokkas
  A ball python (D:3)
  12 bats
  3 frilled lizards
  9 goblins
  A hobgoblin skeleton (D:10)
  2 hobgoblin zombies (D:10)
  A jackal zombie (D:9)
  12 kobolds
  2 orc skeletons (D:10)
  An orc zombie (D:10)
  A quokka skeleton (D:3)
  A quokka zombie (D:8)
  9 rats
  A butterfly (Lair:5)
  2 fungi (Lair:6)
  4 plants
411 creatures vanquished.

Vanquished Creatures (collateral kills)
  Snorg (Lair:6)
  An ice dragon (Lair:3)
  The ghost of fly the Fighter, a novice OgBe of Trog (D:8)
  A hydra (Lair:1)
  3 death yaks (Lair:3)
  An elephant (Lair:6)
  A black mamba (Lair:6)
  2 rime drakes (Lair:3)
  A komodo dragon (Lair:6)
  A blink frog (Lair:6)
  A yak (Lair:6)
  3 hogs
  4 vampire mosquitoes (Lair:2)
  2 water moccasins
  A black mamba simulacrum (Lair:3)
  A centaur (D:5)
  A troll zombie (D:10)
  A rime drake simulacrum (Lair:3)
  A hippogriff simulacrum (Lair:3)
  A water moccasin simulacrum (Lair:3)
  A hound zombie (D:6)
  A crocodile simulacrum (Lair:3)
  An ooze (D:3)
  A hobgoblin (D:3)
  A jackal (D:3)
  2 orc zombies (D:10)
  A fungus (Lair:3)
37 creatures vanquished.

Vanquished Creatures (others)
  A black mamba (Lair:6)
  A hippogriff (Lair:1)
  A hungry ghost (D:10)
  A warg (Lair:6)
  A phantom (D:10)
  A crocodile (Lair:6)
  A killer bee (D:8)
  An orc wizard (D:10)
  2 ball lightnings
  An orc (D:6)
  A goblin skeleton (D:10)
  2 goblin zombies (D:10)
  2 hobgoblin skeletons (D:10)
  3 hobgoblin zombies (D:10)
  An orc skeleton (D:10)
  8 orc zombies (D:10)
  3 fire vortices
  53 fungi
  43 plants
127 creatures vanquished.

Grand Total: 575 creatures vanquished

Notes
Turn   | Place    | Note
-------+----------+-------------------------------------------
     0 | D:1      | jt the Mummy Monk began the quest for the Orb.
     0 | D:1      | Reached XP level 1. HP: 18/18 MP: 1/1
   318 | D:1      | Reached XP level 2. HP: 24/24 MP: 2/2
   784 | D:1      | Reached XP level 3. HP: 26/29 MP: 3/3
  1564 | D:2      | Found an ornate altar of the Wu Jian Council.
  1637 | D:2      | Reached XP level 4. HP: 35/35 MP: 4/4
  1766 | D:2      | Found a bloodstained altar of Trog.
  2692 | D:3      | Found a glowing silver altar of Zin.
  2693 | D:3      | Noticed an angel
  2728 | D:3      | Noticed Natasha
  2736 | D:3      | Killed Natasha
  2736 | D:3      | Reached XP level 5. HP: 17/41 MP: 5/5
  2946 | D:3      | Found a snail-covered altar of Cheibriados.
  3022 | D:5      | Entered Level 5 of the Dungeon
  3084 | D:4      | Reached skill level 5 in Polearms
  3311 | D:3      | Reached XP level 6. HP: 47/47 MP: 6/6
  3319 | D:3      | Noticed Natasha
  3785 | D:6      | Noticed Grinder
  3799 | D:5      | Paralysed by Grinder for 7 turns
  3817 | D:5      | Killed Grinder
  3817 | D:5      | Reached XP level 7. HP: 46/52 MP: 7/7
  3892 | D:6      | Noticed Blork the orc
  4289 | D:5      | Found a hazy altar of Hepliaklqana.
  4689 | D:5      | Noticed Menkaure
  4695 | D:5      | Killed Menkaure
  5035 | D:3      | Noticed Terence
  5052 | D:3      | Killed Terence
  5118 | D:3      | Paralysed by a centaur for 7 turns
  5133 | D:3      | Reached skill level 1 in Evocations
  5770 | D:3      | Paralysed by a centaur for 7 turns
  5783 | D:3      | Reached XP level 8. HP: 40/58 MP: 9/9
  5853 | D:3      | Killed Natasha
  5888 | D:3      | Noticed Natasha
  5892 | D:3      | Killed Natasha
  6255 | D:3      | Found a faded altar of an unknown god.
  7489 | D:6      | Found a staircase to the Ecumenical Temple.
  7503 | Temple   | Entered the Ecumenical Temple
  7700 | Temple   | Became a worshipper of Nemelex Xobeh the Trickster
  7700 | Temple   | Received a gift from Nemelex Xobeh
  7700 | Temple   | Reached * piety under Nemelex Xobeh
  7700 | Temple   | Reached ** piety under Nemelex Xobeh
  7777 | D:6      | Reached skill level 5 in Fighting
  7825 | D:6      | Found a hide-covered altar of Uskayaw.
  7844 | D:6      | Found an iron altar of Okawaru.
  8098 | D:6      | Killed Blork the orc
  8258 | D:6      | Noticed Duvessa
  8490 | D:5      | Reached XP level 9. HP: 34/68 MP: 11/11
  8686 | D:6      | Noticed Dowan
  8801 | D:6      | Found a glowing golden altar of the Shining One.
  9066 | D:6      | Received a gift from Nemelex Xobeh
  9185 | D:6      | Killed Dowan
  9195 | D:5      | Killed Duvessa
  9852 | D:7      | Reached skill level 1 in Armour
  9980 | D:7      | Received a gift from Nemelex Xobeh
 10014 | D:7      | Reached *** piety under Nemelex Xobeh
 10358 | D:7      | You fall through a shaft for 3 floors!
 10358 | D:10     | Entered Level 10 of the Dungeon
 10358 | D:10     | Received a gift from Nemelex Xobeh
 10358 | D:10     | Found a staircase to the Orcish Mines.
 10411 | D:10     | Reached XP level 10. HP: 61/79 MP: 12/12
 10426 | D:10     | Reached skill level 10 in Polearms
 11529 | D:9      | Noticed a spiny frog
 11529 | D:9      | a troll changed into a spiny frog
 11533 | D:9      | Killed a spiny frog
 11754 | D:9      | Found Quton's Assorted Antiques.
 11920 | D:8      | Received a gift from Nemelex Xobeh
 12328 | D:8      | Reached skill level 5 in Armour
 12605 | D:8      | Found a staircase to the Lair.
 12793 | D:8      | Found a burning altar of Makhleb.
 12793 | D:8      | Found an opulent altar of Gozag.
 12967 | D:7      | Found a shattered altar of Ashenzari.
 12976 | D:7      | Reached **** piety under Nemelex Xobeh
 13544 | D:8      | Found a deep blue altar of Sif Muna.
 13609 | D:8      | Reached XP level 11. HP: 89/89 MP: 13/13
 13662 | D:8      | Received a gift from Nemelex Xobeh
 13677 | D:8      | Found a faded altar of an unknown god.
 13677 | D:8      | Found a stormy altar of Qazlal.
 13682 | D:8      | Found a glowing golden altar of the Shining One.
 13684 | D:8      | Found a sacrificial altar of Ru.
 13686 | D:8      | Found a faded altar of an unknown god.
 14111 | Lair:1   | Entered Level 1 of the Lair of Beasts
 14729 | Lair:1   | Noticed an orb spider
 14729 | Lair:1   | a komodo dragon changed into an orb spider
 14741 | Lair:1   | an orb spider changed into a golden eye
 14943 | Lair:1   | Received a gift from Nemelex Xobeh
 15209 | Lair:1   | Found a runed translucent gate.
 15210 | Lair:1   | Found a runed translucent gate.
 15214 | Lair:1   | Noticed fly's ghost (novice OgBe)
 15215 | Lair:1   | Found a runed translucent gate.
 15215 | Lair:1   | Noticed a nine-headed hydra
 15231 | Lair:1   | Killed a nine-headed hydra
 15627 | Lair:1   | Noticed a seven-headed hydra
 15648 | Lair:1   | Killed a seven-headed hydra
 15648 | Lair:1   | Reached skill level 10 in Fighting
 15992 | D:8      | Killed fly's ghost
 16744 | Lair:2   | Found a staircase to the Swamp.
 16763 | Lair:2   | Received a gift from Nemelex Xobeh
 16843 | Lair:2   | Noticed an oklob plant
 16843 | Lair:2   | Noticed an oklob plant
 16876 | Lair:2   | Killed an oklob plant
 17004 | Lair:2   | Killed an oklob plant
 17752 | Lair:2   | Reached ***** piety under Nemelex Xobeh
 17764 | Lair:2   | Noticed a seven-headed hydra
 17780 | Lair:2   | Killed a seven-headed hydra
 17780 | Lair:2   | Reached skill level 1 in Invocations
 18307 | Lair:3   | Reached XP level 12. HP: 79/99 MP: 14/14
 18452 | Lair:3   | Noticed an ice dragon
 18712 | Lair:3   | Found a runed translucent gate.
 18712 | Lair:3   | Found a runed translucent gate.
 18713 | Lair:3   | Found a runed translucent gate.
 18763 | Lair:3   | Killed an ice dragon
 18774 | Lair:3   | Noticed Ixoagrun's ghost (journeyman MiFi)
 18798 | Lair:3   | Killed Ixoagrun's ghost
 19745 | Lair:3   | Noticed a death yak
 19745 | Lair:3   | Noticed a death yak
 19757 | Lair:3   | Noticed a death yak
 19758 | Lair:3   | Noticed a death yak
 19759 | Lair:3   | Noticed a death yak
 19762 | Lair:3   | Killed a death yak
 19777 | Lair:3   | Killed a death yak
 19778 | Lair:3   | Killed a death yak
 19830 | Lair:3   | Killed a death yak
 19875 | Lair:3   | Killed a death yak
 20214 | Lair:3   | Received a gift from Nemelex Xobeh
 20513 | Lair:4   | Noticed Kirke
 20823 | Lair:6   | Entered Level 6 of the Lair of Beasts
 21077 | Lair:6   | Found a staircase to the Slime Pits.
 21092 | Lair:6   | Noticed a seven-headed hydra
 21100 | Lair:6   | Killed a seven-headed hydra
 21287 | Lair:6   | Noticed a four-headed hydra
 21306 | Lair:6   | Killed a four-headed hydra
 21309 | Lair:6   | HP: 2/101 [wolf (4)]
 21420 | Lair:6   | Reached skill level 5 in Invocations
 21420 | Lair:6   | Gained mutation: You are in touch with the powers of death.
                  | [Mummy growth]
 21420 | Lair:6   | Reached XP level 13. HP: 33/107 MP: 16/16
 22083 | Lair:5   | Received a gift from Nemelex Xobeh
 22663 | Lair:5   | Noticed Redear's ghost (adept GnTm)
 23483 | Lair:5   | Found a transporter.
 23510 | Lair:5   | Found a transporter.
 23665 | Lair:5   | Received a gift from Nemelex Xobeh
 24157 | Lair:6   | HP: 5/108 [death drake (4)]
 25693 | Lair:6   | Noticed Snorg
 25701 | Lair:6   | Killed Snorg
 26492 | Lair:6   | Reached skill level 5 in Evocations
 28557 | Lair:4   | Slain by a hog

Skill      XL: |  1  2  3  4  5  6  7  8  9 10 11 12 13 |
---------------+----------------------------------------+-----
Polearms       | 3 4 5 6 7 9 10 11 12 | 12.9
Evocations     | 2 3 5 |  5.4
Fighting       | 5 7 9 10 11 12 | 12.6
Armour         | 3 5 7 8 |  8.5
Invocations    | 1 5 6 |  6.8
Dodging        | |  2.4
Stealth        | |  1.5

Action                   |  1- 3 |  4- 6 |  7- 9 | 10-12 | 13-15 || total
-------------------------+-------+-------+-------+-------+-------++-------
Melee: Spear             |   148 |    39 |   183 |    65 |     6 ||   441
       Glaive            |     2 |    81 |   180 |   610 |   271 ||  1144
 Fire: Hunting sling     |       |     4 |     8 |       |       ||    12
Throw: Javelin           |     6 |     2 |    20 |    39 |    21 ||    88
       Stone             |       |    25 |     6 |     4 |    11 ||    46
       Tomahawk          |       |       |    18 |    32 |    19 ||    69
Invok: Stack Five        |       |       |       |       |     1 ||     1
 Abil: Draw Destruction  |       |       |     4 |    44 |    14 ||    62
       Draw Summoning    |       |       |     1 |    14 |     5 ||    20
       Draw Escape       |       |       |       |     2 |     4 ||     6
       Draw Stack        |       |       |       |       |     2 ||     2
Evoke: Wand              |       |     1 |     5 |    16 |    10 ||    32
       Fan of gales      |       |       |       |       |     1 ||     1
  Use: Scroll            |     4 |     4 |     2 |    11 |    10 ||    31
 Stab: Sleeping          |     9 |     2 |       |       |       ||    11
       Paralysed         |       |       |     1 |       |       ||     1
       Petrified         |       |       |     4 |     8 |     1 ||    13
       Distracted        |       |       |     1 |     2 |       ||     3
       Petrifying        |       |       |       |     1 |       ||     1
Armor: Robe              |    18 |     6 |       |       |       ||    24
       Plate armour      |       |    39 |   223 |   388 |   126 ||   776
Dodge: Dodged            |    77 |    53 |    79 |   156 |    74 ||   439
Block: Other             |       |       |       |    59 |    27 ||    86
